 Dungeon Crawl Stone Soup version 0.15-a0-1968-gb423ccb (webtiles) character file.

4000 N00bl0rd the Quickloader (level 10, -1/47 HPs)
             Began as a Kobold Arcane Marksman on July 10, 2014.
             Was a Believer of Okawaru.
             Slain by a yak (5 damage)
             ... on Level 8 of the Dungeon.
             The game lasted 01:21:15 (13673 turns).

N00bl0rd the Quickloader (Kobold Arcane Marksman)  Turns: 13673, Time: 01:21:15

HP  -1/47        AC  7     Str 12      XL: 10   Next: 46%
MP  26/30        EV 19     Int 11      God: Okawaru [**....]
Gold 639         SH  0     Dex 17      Spells:  4 memorised,  7 levels left

rFire  . . .     SeeInvis .     l - +2 dagger (speed)
rCold  . . .     Clarity  .     a - +0 robe
rNeg   . . .     rCorr    .     (no shield)
rPois  .         rRot     .     (no helmet)
rElec  .         Spirit   .     n - +0 cloak
SustAb .         Warding  .     p - +0 pair of gloves
rMut   .         Stasis   .     o - +0 pair of boots
Gourm  .                        D - amulet of rage
MR     +....                    h - ring of protection from magic
                                k - ring of magical power

@: somewhat resistant to hostile enchantments, unstealthy
A: thin metallic scales 1, carnivore 3, frail 2
a: Heroism, Renounce Religion, Evoke Berserk Rage


You were on level 8 of the Dungeon.
You worshipped Okawaru.
Okawaru was pleased with you.
You were full.

You visited 2 branches of the dungeon, and saw 10 of its levels.
You also visited: Ossuary.

You collected 639 gold pieces.

Inventory:

Hand weapons
 b - a +2 crossbow
 l - a +2 dagger of speed (weapon)
 t - a cursed +0 dagger of venom
 G - a +0 dagger of venom
 L - the -1 dagger "Apesex" {stab, MR+}
   (You found it on level 6 of the Dungeon)

   It inflicts extra damage upon your enemies.
   It affects your resistance to hostile enchantments.
Missiles
 c - 47 bolts
 y - 15 bolts of frost
Armour
 a - a +0 robe (worn)
 n - a +0 cloak (worn)
 o - a +0 pair of boots (worn)
 p - a +0 pair of gloves (worn)
 J - a cursed +0 scale mail
Magical devices
 e - a wand of frost (13) {unknown}
 v - a wand of cold (8)
 z - a wand of lightning (5)
 A - a wand of disintegration (9)
 C - a wand of paralysis (7)
Comestibles
 f - 7 meat rations
 j - 2 beef jerkies
 u - a slice of pizza
Scrolls
 w - 2 scrolls of identify
 H - 2 scrolls of fog
 I - 4 scrolls of recharging
Jewellery
 h - a ring of protection from magic (right hand)
 k - a ring of magical power (left hand)
 s - an uncursed ring of positive energy
 D - an amulet of rage (around neck)
Potions
 g - 3 potions of agility
 m - 3 potions of flight
 q - a potion of invisibility
 r - a potion of brilliance
 x - 2 potions of curing
 E - a potion of might
 F - a potion of magic
 K - 2 potions of cancellation
Books
 d - a book of Debilitation

   Spells                             Type                      Level
   *Corona                            Hexes                        1
   *Slow                              Hexes                        2
   *Inner Flame                       Hexes/Fire                   3
   Enslavement                        Hexes                        4
   *Cause Fear                        Hexes                        4
   Leda's Liquefaction                Hexes/Earth                  4
 i - a book of Wizardry

   Spells                             Type                      Level
   Agony                              Necromancy                   5
   Force Lance                        Conjuration                  5
   Dispersal                          Translocation                6
   Haste                              Charms                       6
   Invisibility                       Hexes                        6
   Spellforged Servitor               Conjuration/Summoning        7
 B - a book of the Sky

   Spells                             Type                      Level
   Flight                             Charms/Air                   3
   Airstrike                          Air                          4
   Silence                            Hexes/Air                    5
   Deflect Missiles                   Charms/Air                   6
   Conjure Ball Lightning             Conjuration/Air              6
   Tornado                            Air                          9


   Skills:
 - Level 5.0 Fighting
 + Level 6.9 Short Blades
 * Level 10.5 Crossbows
 + Level 6.9 Dodging
 + Level 4.2 Spellcasting
 * Level 6.5 Hexes


You had 7 spell levels left.
You knew the following spells:

 Your Spells              Type           Power        Failure   Level  Hunger
a - Corona                Hex            ###....      1%          1    #......
b - Slow                  Hex            ###.....     2%          2    ##.....
c - Inner Flame           Hex/Fire       #.......     21%         3    ###....
d - Cause Fear            Hex            ###.......   17%         4    #####..


Dungeon Overview and Level Annotations

Branches:
Dungeon (9/15)             Temple (1/1) D:5
    Orc: D:9-12        Lair: D:8-11

Altars:
Ashenzari
Cheibriados
Dithmenos
Elyvilon
Fedhas
Gozag
Kikubaaqudgha
Makhleb
Nemelex Xobeh
Okawaru
Qazlal
Sif Muna
Trog
Vehumet
Xom
Yredelemnul
Zin
The Shining One

Shops:
D:4 }


Innate Abilities, Weirdness & Mutations

You are small and have problems with some larger weapons.
You are carnivorous and can eat meat at any time.
You are partially covered in thin metallic scales (AC +2).
You are very frail (-20% HP).


Message History

You see here a crossbow.
There is a stone staircase leading up here.
The yak gores you.
* * * LOW HITPOINT WARNING * * *
You climb upwards.
There is a stone staircase leading down here.
Casting: Cause Fear
Confirm with . or Enter, or press ? or * to list all spells.
Aiming: Slow
Press: ? - help, Shift-Dir - straight line, f - yak
Aim: a yak The yak resists.
The yak gores you!
* * * LOW HITPOINT WARNING * * *
Casting: Slow
Confirm with . or Enter, or press ? or * to list all spells.
Aiming: Slow
Press: ? - help, Shift-Dir - straight line, f/p - yak
Aim: a yak The yak resists.
The yak gores you.
You die...

##.####..........######## #
...............#.# #############
##...........#.#.####..........##
######..##...#...........#####...
## #..###.####.####.##.# #### .##
#..# #.# #.# #.##.# # #.####..#
#.# #.# #.##.# #..##...# #.# #.#
#.##.# #..##.)## #.####@#
#.##.######## .#.##..#
#.....Y####.#..<....... #...#..#
#..###................. #...#..#
#..#..........#####.... ..<....##
#..#.#.####.### #####
........###......####.## #
......#...>............# #
............##.#####...#
....##########.# #.#.#


You could see a yak.

Vanquished Creatures
  A hungry ghost (D:7)
  A steam dragon (D:8)
  Menkaure (D:7)
  A sky beast (D:7)
  An ice beast (D:8)
  2 orc warriors
  A phantom (D:7)
  4 ogres
  4 centaurs
  2 big kobolds
  7 giant frogs
  3 scorpions
  A yak zombie (D:9)
  6 killer bees (D:8)
  A troll skeleton (D:8)
  A goliath beetle (D:8)
  3 crimson imps
  An orc priest (D:4)
  2 jellies
  The ghost of Charly the Ruffian, a weakling VSTm (D:4)
  2 hounds (D:8)
  4 iguanas
  6 worker ants
  2 gnoll shamans
  A black bear skeleton (D:7)
  6 orc wizards
  2 hound zombies
  9 mummies
  9 adders
  A giant mite (D:7)
  10 gnolls
  3 shadow imps
  4 worms
  2 adder zombies
  5 giant geckos
  43 orcs
  A bat skeleton (D:7)
  3 giant cockroaches
  2 gnoll zombies (Ossuary)
  21 goblins
  16 hobgoblins
  12 jackals
  4 quokkas
  3 ball pythons
  9 bats
  A giant gecko zombie (D:7)
  4 giant newts
  2 giant spores (D:7)
  3 hobgoblin zombies
  26 kobolds
  3 kobold zombies (Ossuary)
  An orc skeleton (D:4)
  An orc zombie (Ossuary)
  15 rats
  5 ballistomycetes (D:7)
285 creatures vanquished.

Notes
Turn   | Place    | Note
--------------------------------------------------------------
     0 | D:1      | N00bl0rd, the Kobold Arcane Marksman, began the quest for the Orb.
     0 | D:1      | Reached XP level 1. HP: 12/12 MP: 2/2
   138 | D:1      | Reached XP level 2. HP: 13/16 MP: 1/3
   148 | D:1      | Learned a level 2 spell: Slow
   604 | D:1      | Reached XP level 3. HP: 20/20 MP: 5/5
  1583 | D:2      | Reached XP level 4. HP: 25/25 MP: 2/6
  1690 | D:2      | Found a deep blue altar of Sif Muna.
  2243 | D:3      | Reached skill level 4 in Hexes
  2617 | D:3      | Reached XP level 5. HP: 9/29 MP: 9/9
  3100 | D:3      | Learned a level 3 spell: Inner Flame
  3603 | D:4      | Noticed Charly's ghost (weakling VSTm)
  3614 | D:4      | Killed Charly's ghost
  3614 | D:4      | Reached skill level 5 in Crossbows
  3614 | D:4      | Reached XP level 6. HP: 34/34 MP: 11/11
  3640 | D:4      | Found Treestre's Gadget Boutique.
  3835 | D:4      | Found a sand-covered staircase.
  3853 | Ossuary  | Entered an ossuary
  4633 | D:4      | Reached skill level 5 in Hexes
  4633 | D:4      | Reached XP level 7. HP: 38/38 MP: 13/13
  4702 | D:4      | Noticed an ogre
  4736 | D:4      | Killed an ogre
  4780 | D:4      | Reached skill level 1 in Short Blades
  5297 | D:4      | Reached skill level 6 in Crossbows
  5806 | D:5      | Entered Level 5 of the Dungeon
  5967 | D:5      | Reached XP level 8. HP: 39/45 MP: 16/16
  5993 | D:5      | Found a staircase to the Ecumenical Temple.
  6002 | Temple   | Entered the Ecumenical Temple
  6505 | D:5      | Found an opulent altar of Gozag.
  6559 | D:5      | Found an iron altar of Okawaru.
  6580 | D:5      | Became a worshipper of Warmaster Okawaru
  6714 | D:5      | Reached skill level 7 in Crossbows
  6846 | D:5      | Noticed a moth of wrath
  6862 | D:5      | Found a bloodstained altar of Trog.
  7283 | D:6      | Got a pitted dagger
  7284 | D:6      | Identified the cursed -1 dagger "Apesex" {stab, MR+} (You found it on level 6 of the Dungeon)
  8007 | D:6      | Reached skill level 8 in Crossbows
  8007 | D:6      | Reached XP level 9. HP: 35/52 MP: 8/17
  8145 | D:6      | Reached skill level 5 in Dodging
  8175 | D:6      | Found a glowing golden altar of the Shining One.
  8249 | D:6      | Acquired Okawaru's first power
  8888 | D:7      | Reached skill level 5 in Short Blades
  9140 | D:7      | Noticed Menkaure
  9150 | D:7      | Killed Menkaure
  9150 | D:7      | Reached skill level 9 in Crossbows
  9211 | D:7      | Gained mutation: You are partially covered in thin metallic scales (AC +2). [potion of mutation]
  9211 | D:7      | Gained mutation: You are frail (-10% HP). [potion of mutation]
  9211 | D:7      | Gained mutation: You are very frail (-20% HP). [potion of mutation]
  9485 | D:7      | Reached skill level 5 in Fighting
  9496 | D:7      | Learned a level 4 spell: Cause Fear
 11292 | D:8      | Reached XP level 10. HP: 37/47 MP: 19/19
 11323 | D:8      | Found a blossoming altar of Fedhas.
 11360 | D:8      | Paralysed by a centaur for 7 turns
 11476 | D:8      | Reached skill level 10 in Crossbows
 13673 | D:8      | Slain by a yak

Action                   |  1- 3 |  4- 6 |  7- 9 | 10-12 || total
-------------------------+-------+-------+-------+-------++-------
Melee: Dagger            |    60 |   135 |   596 |   321 ||  1112
 Fire: Crossbow          |    39 |   128 |   214 |    45 ||   426
 Cast: Corona            |    20 |    28 |    44 |    19 ||   111
       Slow              |     1 |    20 |    72 |    32 ||   125
       Inner Flame       |       |       |    15 |       ||    15
       Cause Fear        |       |       |     1 |     1 ||     2
Evoke: Wand              |       |     1 |     2 |       ||     3
  Use: Scroll            |       |    14 |     3 |       ||    17
       Potion            |       |       |    16 |     4 ||    20
 Stab: Sleeping          |       |       |     1 |     1 ||     2
  Eat: Chunk             |    11 |    11 |    28 |    15 ||    65
